[Event "Team 45 45 League T43"]
[Site "Internet Chess Club"]
[Date "2009.11.15"]
[Round "3"]
[White "Visin"]
[Black "CoasterBrake"]
[Result "1/2-1/2"]
[WhiteElo "1251"]
[BlackElo "1218"]
[Opening "Caro-Kann: advance variation"]
[ECO "B12"]
[Time "09:00:51"]
[TimeControl "2700+45"]

1. e4 c6 2. d4 d5 3. e5 Bf5 4. Nf3 e6 5. Nc3 f6 6. Bd3 fxe5 7. Bxf5 exf5 8. Nxe5
Nf6 9. Qe2 Qe7 10. O-O Nbd7 11. Bg5 O-O-O 12. Rfe1 Re8 13. Nxd7 Qxd7 14. Qf3 Ne4
15. Nxe4 fxe4 16. Qb3 Be7 17. Bd2 Rhf8 18. c4 Bf6 19. Be3 Qf5 20. cxd5 Qxd5 21.
Qxd5 cxd5 22. Rac1+ Kd7 23. Rc5 Kd6 24. Rec1 Rf7 25. g3 g5 26. Kg2 Ree7 27. h3
Rc7 28. Rxc7 Rxc7 29. Rxc7 Kxc7 30. f3 exf3+ 31. Kxf3 h5 32. Ke2 Kd6 33. g4 hxg4
34. hxg4 Bd8 35. Kd3 Kc6 36. b3 a6 37. Bd2 b5 {Game drawn by mutual agreement}
1/2-1/2

[Event "Team 45 45 League T43"]
[Site "Internet Chess Club"]
[Date "2009.11.13"]
[Round "3"]
[White "otib2006"]
[Black "Tamarin"]
[Result "0-1"]
[WhiteElo "1161"]
[BlackElo "1242"]
[Opening "English: Carls' Bremen system"]
[ECO "A22"]
[Time "05:01:06"]
[TimeControl "2700+45"]

1. c4 e5 2. Nc3 Nf6 3. g3 Nc6 4. Bg2 Bb4 5. Nf3 d6 6. O-O Be6 7. d3 Qd7 8. Bd2
Bh3 9. Qc2 Bxg2 10. Kxg2 O-O 11. Rfd1 Rfe8 12. Rac1 Bxc3 13. Bxc3 e4 14. dxe4
Nxe4 15. b4 Nxc3 16. Qxc3 Rxe2 17. Rd2 Rxd2 18. Qxd2 Re8 19. b5 Ne7 20. a4 Ng6
21. c5 h6 22. Nd4 dxc5 23. Rxc5 Re4 24. Rc4 Qd5 25. Kg1 Qxc4 26. Nf5 Qe6 27. Nd4
Qd5 28. Qc3 Rxd4 29. Kf1 Qc4+ 30. Qxc4 Rxc4 31. Ke2 Rxa4 32. Kd3 c6 33. bxc6
bxc6 34. f4 c5 35. Kc3 a5 36. Kb3 Rb4+ 37. Kc3 a4 38. h4 a3 39. f5 Nxh4 40. gxh4
a2 {White resigns} 0-1

[Event "Team 45 45 League T43"]
[Site "Internet Chess Club"]
[Date "2009.11.14"]
[Round "3"]
[White "dabodhi"]
[Black "farbror"]
[Result "1-0"]
[WhiteElo "1163"]
[BlackElo "1196"]
[Opening "Ruy Lopez: Cozio defense"]
[ECO "C60"]
[Time "15:30:18"]
[TimeControl "2700+45"]

1. e4 e5 2. Nf3 Nc6 3. Bb5 Nge7 4. d4 d6 5. d5 a6 6. Ba4 b5 7. Bb3 Na5 8. Bg5 h6
9. Bh4 Bd7 10. O-O Qc8 11. h3 Ng6 12. Bg3 Nxb3 13. axb3 c5 14. Nh4 Nxh4 15. Bxh4
Bxh3 16. Qf3 Bg4 17. Qg3 g5 18. f3 gxh4 19. Qxh4 Be7 20. Qxg4 Qxg4 21. fxg4 Rg8
22. Nc3 Kd7 23. Rxf7 Rgf8 24. Rxf8 Bxf8 25. Nxb5 Ke7 26. Nc7 Ra7 27. Nxa6 Kf6
28. b4 cxb4 29. Kf2 Kg5 30. Kg3 Be7 31. c3 Bd8 32. cxb4 Bb6 33. b5 Bd4 34. Ra2
Rb7 35. Nb4 Rxb5 36. Nd3 Bc5 37. b4 Bd4 38. Ra6 Bc3 39. Rxd6 Bxb4 40. Re6 Bc3
41. Nxe5 Bxe5+ 42. Rxe5+ Kf6 43. Re6+ Kg7 44. g5 hxg5 45. Kg4 Rb2 46. g3 Rg2 47.
Re5 Kf6 48. Rxg5 Rxg3+ 49. Kxg3 Kxg5 50. Kf3 Kf6 51. Ke3 Ke5 52. Kd3 Kd6 53. Kd4
Kd7 54. e5 Ke7 55. Kc5 Kd7 56. e6+ Ke7 57. Kc6 Kd8 58. d6 Kc8 59. e7 Kb8 60.
e8=Q+ Ka7 61. d7 Ka6 62. d8=Q {Black resigns} 1-0

[Event "Team 45 45 League T43"]
[Site "Internet Chess Club"]
[Date "2009.11.16"]
[Round "3"]
[White "dornoch"]
[Black "Rhayder"]
[Result "0-1"]
[WhiteElo "989"]
[BlackElo "1121"]
[Opening "Four knights: double Ruy Lopez"]
[ECO "C49"]
[Time "09:02:12"]
[TimeControl "2700+45"]

1. e4 e5 2. Nf3 Nc6 3. Bb5 Nf6 4. Nc3 Bb4 5. Bxc6 bxc6 6. O-O O-O 7. Nxe5 Bxc3
8. bxc3 Nxe4 9. Re1 Qh4 10. Qf3 Ng5 11. Qg4 Qxg4 12. Nxg4 d6 13. d4 Bxg4 14.
Bxg5 Rab8 15. Rab1 Rxb1 16. Rxb1 Re8 17. f3 Bf5 18. Rb7 h6 19. Bh4 g5 20. Bf2
Re2 21. Rxc7 Rxc2 22. Rxc6 Rc1+ 23. Be1 Rxe1+ {White resigns} 0-1

[Event "Team 45 45 League T43"]
[Site "Internet Chess Club"]
[Date "2009.11.15"]
[Round "3"]
[White "LeanSixSigma"]
[Black "RancidTurnip"]
[Result "1-0"]
[WhiteElo "1410"]
[BlackElo "1237"]
[Opening "Sicilian"]
[ECO "B54"]
[Time "21:00:12"]
[TimeControl "2700+45"]

1. e4 c5 2. Nf3 d6 3. d4 cxd4 4. Nxd4 e5 5. Bb5+ Bd7 6. Bxd7+ Qxd7 7. Nf5 Nf6 8.
Qd3 g6 9. Bg5 Qe6 10. Bxf6 Qxf6 11. Ne3 Nc6 12. Nd5 Qd8 13. O-O Rc8 14. Qb5 b6
15. Nd2 Bg7 16. Nc4 O-O 17. c3 f5 18. Rad1 Na5 19. Nxa5 bxa5 20. Ne3 Qc7 21.
Qd5+ Kh8 22. exf5 gxf5 23. Qxd6 Qxd6 24. Rxd6 Rfd8 25. Nxf5 Rxd6 26. Nxd6 Rf8
27. Nc4 a4 28. b3 axb3 29. axb3 e4 30. Rc1 Bh6 31. Ne3 Kg7 32. c4 Kf6 33. Ra1
Rf7 34. Ng4+ Kf5 35. Nxh6+ {Black resigns} 1-0

[Event "Team 45 45 League T43"]
[Site "Internet Chess Club"]
[Date "2009.11.11"]
[Round "3"]
[White "jocooper"]
[Black "kabubi"]
[Result "1-0"]
[WhiteElo "1171"]
[BlackElo "1178"]
[Opening "Queen's gambit accepted"]
[ECO "D20"]
[Time "19:00:11"]
[TimeControl "2700+45"]

1. d4 d5 2. c4 dxc4 3. Nc3 c5 4. Nf3 e6 5. e3 cxd4 6. Nxd4 Nf6 7. Bxc4 Bc5 8.
O-O O-O 9. Qc2 Bxd4 10. exd4 Qxd4 11. Nb5 Qb6 12. Be3 Qc6 13. Nxa7 Qe8 14. Bb5
Qd8 15. Rad1 Qa5 16. a4 Rxa7 17. Bc5 Qc7 18. Rc1 Ra5 19. Bxf8 Qxc2 20. Rxc2 Nbd7
21. Bb4 Ra8 22. b3 Nb6 23. Rd1 Nbd5 24. Rdc1 Nb6 25. a5 Nbd7 26. Rxc8+ Rxc8 27.
Rxc8+ Nf8 28. Rxf8# {Black checkmated} 1-0

[Event "Team 45 45 League T43"]
[Site "Internet Chess Club"]
[Date "2009.11.14"]
[Round "3"]
[White "jjaillet2007"]
[Black "Traho"]
[Result "1/2-1/2"]
[WhiteElo "1266"]
[BlackElo "1295"]
[Opening "English: symmetrical, Benoni formation"]
[ECO "A31"]
[Time "19:02:24"]
[TimeControl "2700+45"]

1. d4 Nf6 2. c4 c5 3. Nf3 b6 4. Nc3 d6 5. dxc5 bxc5 6. Bg5 Nbd7 7. e3 g6 8. Bd3
Bg7 9. O-O O-O 10. Re1 Rb8 11. Rb1 Bb7 12. e4 Ne5 13. Nd5 Bc8 14. Nxf6+ exf6 15.
Bf4 g5 16. Bc1 Bg4 17. Be2 Bxf3 18. Bxf3 Nxc4 19. b3 Ne5 20. Bb2 Nxf3+ 21. Qxf3
Re8 22. Rbd1 Rb7 23. e5 Rbe7 24. Bc3 fxe5 25. h4 e4 26. Qe3 Bxc3 27. Qxc3 Re6
28. Qg3 d5 29. Rd2 Kh8 30. Qxg5 Qxg5 31. hxg5 Rd8 32. Rc2 Rc8 33. b4 c4 34. a4
Rg6 35. f4 exf3 36. gxf3 Rxg5+ 37. Rg2 Rxg2+ 38. Kxg2 a6 39. Rd1 Rd8 40. b5 axb5
41. axb5 Kg8 42. b6 c3 43. b7 Rb8 44. Rxd5 Rxb7 45. Rd8+ Kg7 46. Rc8 Rb2+ 47.
Kf1 c2 48. Ke1 Rb1+ 49. Kd2 Rf1 50. Kxc2 Rf2+ 51. Kd3 Rxf3+ 52. Ke4 Rf6 53. Ke5
h6 54. Rc4 Kg6 55. Rg4+ Kh5 56. Rg1 Rg6 57. Rh1+ {Game drawn by mutual
agreement} 1/2-1/2

[Event "Team 45 45 League T43"]
[Site "Internet Chess Club"]
[Date "2009.11.15"]
[Round "3"]
[White "WannaB"]
[Black "PsyMar"]
[Result "1-0"]
[WhiteElo "987"]
[BlackElo "1128"]
[Opening "Scotch gambit: Dubois-Réti defense"]
[ECO "C55"]
[Time "16:04:54"]
[TimeControl "2700+45"]

1. e4 e5 2. Nf3 Nc6 3. d4 exd4 4. Bc4 Nf6 5. c3 Nxe4 6. cxd4 d5 7. Bd3 Bg4 8.
O-O Nxd4 9. Bxe4 dxe4 10. Qa4+ c6 11. Nxd4 Qb6 12. Nc3 O-O-O 13. Be3 f5 14. Ne6
Qxb2 15. Nxd8 Kxd8 16. Qd4+ Kc7 17. Qe5+ Kd8 18. Bxa7 Qa3 19. Qb8+ Kd7 20. Qxb7+
Kd6 21. Qb8+ Kd7 22. Qb7+ Kd6 23. Bd4 Rg8 24. Qb8+ Ke6 25. Qe5+ Kd7 26. h3 Bd6
27. Nb1 Bxe5 28. Nxa3 Bxd4 29. Rab1 Be2 30. Rfe1 Bd3 31. Rbd1 Re8 32. Rxd3 exd3
33. Rd1 Bc5 34. Rxd3+ Bd6 35. g3 Re2 36. Kf1 Rxa2 37. Nc4 Ra1+ 38. Kg2 g6 39.
Nxd6 Ke6 40. Nc4 Ra4 41. Re3+ Kf6 42. Nb6 Rb4 43. Nd7+ Kg7 44. Re7+ Kh6 45. Ne5
Re4 46. f3 Re2+ 47. Kf1 Rc2 48. Nf7+ Kh5 49. f4 c5 50. Ne5 c4 51. Rxh7# {Black
checkmated} 1-0

[Event "Team 45 45 League T43"]
[Site "Internet Chess Club"]
[Date "2009.11.15"]
[Round "3"]
[White "AVEMARIA"]
[Black "zepled37"]
[Result "0-1"]
[WhiteElo "1707"]
[BlackElo "1730"]
[Opening "Sicilian: Alapin's variation (2.c3)"]
[ECO "B22"]
[Time "17:03:17"]
[TimeControl "2700+45"]

1. e4 c5 2. c3 d5 3. exd5 Qxd5 4. d4 e6 5. Nf3 Nf6 6. a3 Be7 7. Be3 cxd4 8. cxd4
O-O 9. Nc3 Qd8 10. Bd3 Nc6 11. O-O Bd7 12. Qe2 a6 13. Rad1 Qc7 14. Rfe1 b5 15.
Bg5 h6 16. Bh4 Rfd8 17. d5 exd5 18. Bxf6 Bxf6 19. Nxd5 Qd6 20. Nb6 Nd4 21. Nxd4
Qxb6 22. Qe4 g6 23. Nf3 Bxb2 24. Qb4 Bg7 25. h4 Bf8 26. Qb1 Bg4 27. Bxg6 Qxg6
28. Qxg6+ fxg6 29. Rxd8 Rxd8 30. Ne5 Re8 31. f4 Bxa3 32. Kf2 Bc5+ 33. Kg3 Bf5
34. Ra1 Bc8 35. Rc1 Bb6 36. Nxg6 Re3+ 37. Kh2 Bf5 {White resigns} 0-1

[Event "Team 45 45 League T43"]
[Site "Internet Chess Club"]
[Date "2009.11.12"]
[Round "3"]
[White "bmw2002"]
[Black "musk6868"]
[Result "0-1"]
[WhiteElo "1592"]
[BlackElo "1667"]
[Opening "English: Anglo-Dutch defense"]
[ECO "A10"]
[Time "21:06:24"]
[TimeControl "2700+45"]

1. c4 f5 2. Nc3 Nf6 3. g3 g6 4. Bg2 Bg7 5. d3 O-O 6. e3 d6 7. Nge2 c6 8. O-O a5
9. Qb3 Kh8 10. Bd2 Na6 11. Na4 e5 12. Rac1 Nc5 13. Nxc5 dxc5 14. Rfd1 Qe7 15.
Bc3 g5 16. Qc2 Nh5 17. f3 f4 18. g4 Nf6 19. exf4 gxf4 20. h3 h5 21. Kf2 hxg4 22.
hxg4 Nxg4+ 23. fxg4 Qh4+ 24. Kf1 f3 25. Be1 f2 26. Bd2 Bxg4 27. Be3 Rf7 28. Rd2
Rg8 29. Nc3 Bh3 30. Bxh3 Qxh3+ 31. Ke2 Qf3+ 32. Kf1 Qxe3 33. Qd1 Qh3+ 34. Ke2
f1=Q+ 35. Qxf1 Rxf1 36. Rxf1 Bh6 37. Rdd1 Qe3# {White checkmated} 0-1

[Event "Team 45 45 League T43"]
[Site "Internet Chess Club"]
[Date "2009.11.15"]
[Round "3"]
[White "GadsHill"]
[Black "BrerRabbit"]
[Result "1-0"]
[WhiteElo "1556"]
[BlackElo "1544"]
[Opening "King's Indian: Petrosian system"]
[ECO "E92"]
[Time "19:01:07"]
[TimeControl "2700+45"]

1. d4 Nf6 2. c4 g6 3. Nc3 Bg7 4. e4 d6 5. Nf3 O-O 6. Be2 e5 7. d5 Na6 8. Nd2 h5
9. a3 Nh7 10. b4 f5 11. Nb3 fxe4 12. Nxe4 Bf5 13. Bd3 Nf6 14. Bg5 Qd7 15. Qc2
Nxe4 16. Bxe4 Rf7 17. O-O Raf8 18. Na5 Qc8 19. Rac1 Bxe4 20. Qxe4 Kh7 21. Be3
Bh6 22. Bxh6 Kxh6 23. Qe3+ Kh7 24. Qxa7 c6 25. Qe3 c5 26. b5 Nb8 27. Nb3 b6 28.
Nd2 Nd7 29. Ne4 Rf6 30. Ng5+ Kg8 31. Ne4 Rf4 32. Nxd6 Qc7 33. Ne4 Nf6 34. Nxf6+
R8xf6 35. Rc3 Qd7 36. Qxe5 Qg4 37. Qe8+ Kg7 38. h3 Qg5 39. Qe3 h4 40. Re1 Qf5
41. Qe7+ Kh6 42. Qe3 Kh5 43. Qe2+ Kh6 44. Qe3 Kh5 45. Qe2+ Kh6 46. Rf3 Qg5 47.
Rxf4 Qxf4 48. Qe3 Kg7 49. Qxf4 Rxf4 50. Rc1 Kf7 51. Kf1 Rd4 52. Ke2 Ke7 53. Ke3
Kd6 54. f4 Kc7 55. Rc3 Kd6 56. Kf3 g5 57. fxg5 Ke7 58. g3 Kf7 59. gxh4 Rxh4 60.
Kg3 Rd4 61. h4 Kg6 62. Kf3 Rxh4 63. Rd3 Kxg5 64. d6 Rh8 65. Ke4 Kf6 66. Kd5 Rd8
67. Kc6 Ke6 68. Kxb6 Rxd6+ 69. Rxd6+ {Black resigns} 1-0

[Event "Team 45 45 League T43"]
[Site "Internet Chess Club"]
[Date "2009.11.14"]
[Round "3"]
[White "sly20"]
[Black "jericho121"]
[Result "1-0"]
[WhiteElo "1555"]
[BlackElo "1506"]
[Opening "Pirc: Byrne variation"]
[ECO "B07"]
[Time "13:00:37"]
[TimeControl "2700+45"]

1. d4 Nf6 2. Nc3 g6 3. e4 d6 4. Bg5 Bg7 5. Qd2 O-O 6. O-O-O Nbd7 7. e5 dxe5 8.
dxe5 Nh5 9. g4 Bxe5 10. gxh5 gxh5 11. Bh6 Bg7 12. Qg5 {Black resigns} 1-0

[Event "Team 45 45 League T43"]
[Site "Internet Chess Club"]
[Date "2009.11.14"]
[Round "3"]
[White "SugarIslander"]
[Black "Salvatore"]
[Result "0-1"]
[WhiteElo "1667"]
[BlackElo "1669"]
[Opening "English: symmetrical, Benoni formation"]
[ECO "A31"]
[Time "15:01:11"]
[TimeControl "2700+45"]

1. d4 Nf6 2. c4 c5 3. Nf3 g6 4. Nc3 Bg7 5. e3 O-O 6. Bd3 Nc6 7. a3 cxd4 8. Nxd4
Ne5 9. Be2 d6 10. O-O a6 11. Bd2 Qc7 12. b3 b6 13. Rc1 Bb7 14. f4 Nc6 15. Nd5
Qd8 16. Bf3 Nxd4 17. Nxf6+ Bxf6 18. Bxb7 Ra7 19. Be4 Ne6 20. Bc3 Bxc3 21. Rxc3
Nc5 22. Bf3 f5 23. b4 Nd7 24. Bd5+ Kg7 25. g4 e5 26. Be6 Qe7 27. gxf5 Nf6 28.
fxe5 dxe5 29. Rd3 g5 30. Rf2 h6 31. Bd5 Rd8 32. e4 Rad7 33. Rfd2 a5 34. bxa5
Qc5+ 35. Kg2 bxa5 36. Be6 Rd4 37. Rxd4 exd4 38. Bd5 Qxa3 39. Rxd4 Qb2+ 40. Rd2
Qe5 41. Qe2 h5 42. h3 h4 43. Rd3 Rb8 44. Qe3 Rb2+ 45. Rd2 Rxd2+ 46. Qxd2 Qg3+
47. Kf1 Qxh3+ 48. Qg2 Qd3+ 49. Kg1 Qe3+ 50. Kh2 g4 51. e5 Qxe5+ 52. Kh1 h3 53.
Qd2 Qxf5 54. Qe2 Nxd5 55. cxd5 Qxd5+ 56. Kh2 Qg2+ 57. Qxg2 hxg2 58. Kxg2 a4 59.
Kg3 a3 60. Kxg4 a2 {White resigns} 0-1

[Event "Team 45 45 League T43"]
[Site "Internet Chess Club"]
[Date "2009.11.14"]
[Round "3"]
[White "sra66"]
[Black "Berke"]
[Result "1/2-1/2"]
[WhiteElo "1589"]
[BlackElo "1674"]
[Opening "English, 1...Nf6 (Anglo-Indian defense)"]
[ECO "A15"]
[Time "14:11:22"]
[TimeControl "2700+45"]

1. c4 Nf6 2. g3 d6 3. Bg2 g6 4. Nc3 c6 5. d3 Bg7 6. e4 Nbd7 7. Nge2 O-O 8. O-O
Ne5 9. Be3 Neg4 10. Bd2 Ne8 11. Qb3 Ne5 12. d4 Nd7 13. Rac1 e5 14. d5 Nc5 15.
Qc2 f5 16. f4 exf4 17. Bxf4 fxe4 18. Nxe4 Bf5 19. Kh1 cxd5 20. cxd5 Rc8 21. N2c3
b6 22. Qe2 Nxe4 23. Nxe4 Rxc1 24. Rxc1 Qe7 25. Bg5 Qe5 26. Bf4 Qxb2 27. Qxb2
Bxb2 28. Rc6 Bxe4 29. Bxe4 Ba3 30. Kg2 Nf6 31. Bf3 Ne8 32. Bg4 Bc5 33. Bh6 Rf2+
34. Kh3 Kf7 35. Rc8 Rxa2 36. Be6+ Ke7 37. Bg5+ Kf8 38. Bh6+ Ke7 39. Bg5+ Kf8 40.
Bh6+ Ke7 41. Bg5+ Kf8 42. Bh6+ {Game drawn by repetition} 1/2-1/2

[Event "Team 45 45 League T43"]
[Site "Internet Chess Club"]
[Date "2009.11.18"]
[Round "3"]
[White "milesotoole"]
[Black "Just-Jim"]
[Result "0-1"]
[WhiteElo "1334"]
[BlackElo "1493"]
[Opening "Queen's bishop game"]
[ECO "D02"]
[Time "20:16:29"]
[TimeControl "2700+45"]

1. d4 d5 2. Nf3 Nf6 3. Bf4 e6 4. e3 Bb4+ 5. c3 Ba5 6. Bd3 Kf8 7. Nbd2 a6 8. Qc2
h6 9. O-O-O Nc6 10. Rdg1 Nh5 11. Bg3 Nxg3 12. hxg3 Bd7 13. g4 f6 14. Nh4 Be8 15.
Bg6 Ne7 16. Bxe8 Qxe8 17. f4 Qf7 18. g5 f5 19. gxh6 Rxh6 20. Nhf3 Ng6 21. Rxh6
gxh6 22. g4 c6 23. gxf5 exf5 24. Ne5 Nxe5 25. dxe5 Bb6 26. Rg3 Re8 27. Nf3 Bxe3+
28. Kb1 Bxf4 29. Rg1 Qh5 30. Qg2 Qf7 31. Qh3 Re6 32. Nd4 Rxe5 33. Qh4 Bg5 34.
Qh3 Ke7 35. Rf1 f4 36. Qc8 Kf6 37. Qd8+ Kg7 38. Qd6 Qg6+ 39. Qxg6+ Kxg6 40. Nf3
Re3 41. Kc2 h5 42. Kd2 h4 43. Rg1 Rxf3 {White resigns} 0-1

[Event "Team 45 45 League T43"]
[Site "Internet Chess Club"]
[Date "2009.11.15"]
[Round "3"]
[White "orrgroup"]
[Black "JimGaming"]
[Result "1-0"]
[WhiteElo "1442"]
[BlackElo "1310"]
[Opening "Sicilian: Hungarian variation"]
[ECO "B27"]
[Time "14:01:56"]
[TimeControl "2700+45"]

1. Nf3 c5 2. e4 g6 3. Bc4 Bg7 4. O-O Nc6 5. c3 e6 6. Re1 Nge7 7. a4 a6 8. e5 d5
9. exd6 Qxd6 10. d3 O-O 11. Nbd2 Na5 12. Ne4 Qc6 13. Nfd2 b6 14. Ba2 Bb7 15. Nf3
Nd5 16. Qe2 f5 17. Neg5 Rae8 18. c4 Nb4 19. Rd1 Nxa2 20. Rxa2 Nb3 21. Bf4 Nd4
22. Qf1 Nxf3+ 23. Nxf3 e5 24. Bg3 e4 25. dxe4 Qxe4 26. Re1 Qc6 27. Rxe8 Rxe8 28.
b3 Bc3 29. Re2 h6 30. h3 g5 31. Be5 Bd4 32. Bxd4 Rxe2 33. Qxe2 cxd4 34. Qd3 Qc5
35. Nxd4 Be4 36. Qe3 Qa3 37. f3 Qa1+ 38. Kh2 {Black forfeits on time} 1-0

[Event "Team 45 45 League T43"]
[Site "Internet Chess Club"]
[Date "2009.11.14"]
[Round "3"]
[White "stillday"]
[Black "Skylab"]
[Result "0-1"]
[WhiteElo "1169"]
[BlackElo "1332"]
[Opening "Scandinavian (center counter) defense"]
[ECO "B01"]
[Time "18:00:19"]
[TimeControl "2700+45"]

1. e4 d5 2. exd5 Qxd5 3. d4 Nc6 4. Nf3 Bg4 5. Nc3 Qd8 6. Be2 e6 7. O-O Nf6 8. a3
Bd6 9. Bg5 h6 10. Bd2 Nd5 11. Re1 Nxc3 12. Bxc3 O-O 13. Nd2 Bxe2 14. Rxe2 Qh4
15. g3 Qh5 16. Ne4 f5 17. Nxd6 cxd6 18. Rxe6 Qf7 19. d5 Ne5 20. Rxd6 Ng4 21. h4
f4 22. Qxg4 fxg3 23. Rf6 gxf2+ 24. Kf1 Qe8 25. Rc6 Rf7 26. Rc4 b5 27. Re4 Qf8
28. b4 Qc8 29. Qxc8+ Rxc8 30. Re3 Rcf8 31. Rd1 Rf4 32. Rg3 R8f7 33. d6 Rxh4 34.
Rg2 Rh1+ 35. Ke2 Rxd1 36. Rxg7+ Rxg7 37. Kxf2 Rd7 38. Be5 R1xd6 39. Bxd6 Rxd6
40. c3 Rd3 {White resigns} 0-1

[Event "Team 45 45 League T43"]
[Site "Internet Chess Club"]
[Date "2009.11.15"]
[Round "3"]
[White "WhoHuhWhat"]
[Black "MeansToAnEnd"]
[Result "1-0"]
[WhiteElo "1087"]
[BlackElo "1135"]
[Opening "English opening"]
[ECO "A20"]
[Time "19:03:14"]
[TimeControl "2700+45"]

1. c4 e5 2. g3 f5 3. Bg2 Nc6 4. d3 Bb4+ 5. Bd2 Bxd2+ 6. Nxd2 d6 7. Ngf3 h6 8.
O-O g5 9. a3 Nge7 10. b4 a5 11. Rb1 axb4 12. axb4 Ng6 13. b5 Nce7 14. Nb3 b6 15.
Nxe5 Ra7 16. Nc6 Bb7 17. Nxd8 Kxd8 18. Bxb7 Rxb7 19. Ra1 Kd7 20. Nd4 g4 21. Qa4
Rhb8 22. Nc6 Re8 23. Nxe7 Nxe7 24. Ra2 Rbb8 25. Rfa1 Rec8 26. c5 dxc5 27. e4 h5
28. exf5 Nxf5 29. Qe4 Nd4 30. Ra8 Nf3+ 31. Kh1 Nd2 32. Qc6+ Kd8 33. Rxb8 Rxb8
34. Ra8 Rxa8 35. Qxa8+ Kd7 36. Qh8 {Black resigns} 1-0

[Event "Team 45 45 League T43"]
[Site "Internet Chess Club"]
[Date "2009.11.14"]
[Round "3"]
[White "sere"]
[Black "WzeroMN"]
[Result "0-1"]
[WhiteElo "1035"]
[BlackElo "1205"]
[Opening "English: symmetrical variation"]
[ECO "A34"]
[Time "10:00:43"]
[TimeControl "2700+45"]

1. c4 c5 2. Nc3 e5 3. Nf3 Nc6 4. g3 Nf6 5. d3 Be7 6. Bg2 O-O 7. Bd2 Nd4 8. Nxd4
cxd4 9. Nd5 Nxd5 10. Bxd5 Rb8 11. O-O b6 12. e3 Bb7 13. Bxb7 Rxb7 14. Qf3 Rb8
15. exd4 exd4 16. Bf4 Rc8 17. Qe4 Re8 18. Qxd4 Bf6 19. Qd5 Rc5 20. Qf3 Bxb2 21.
Rab1 Bf6 22. Be3 Ra5 23. Qe2 Rae5 24. Rfe1 R5e6 25. Qf3 Bg5 26. Rbc1 Bxe3 27.
Rxe3 Qa8 28. Rxe6 dxe6 29. Qf4 Qb8 30. Qf3 Qe5 31. Kf1 Qb2 32. Re1 Qxa2 33. Re4
Qa4 34. Kg2 Qc6 35. Qg4 f5 36. Qh5 fxe4 {White resigns} 0-1

[Event "Team 45 45 League T43"]
[Site "Internet Chess Club"]
[Date "2009.11.15"]
[Round "3"]
[White "SeniorCitizen"]
[Black "Alex-Patterson"]
[Result "1-0"]
[WhiteElo "1279"]
[BlackElo "1507"]
[Opening "Sicilian: Labourdonnais-Löwenthal (Kalashnikov) variation"]
[ECO "B32"]
[Time "14:02:55"]
[TimeControl "2700+45"]

1. e4 c5 2. Nf3 Nc6 3. d4 cxd4 4. Nxd4 e5 5. Nb5 d6 6. Bc4 a6 7. N5c3 b5 8. Bd5
Bd7 9. Be3 Rc8 10. O-O Nf6 11. Nd2 Be7 12. Qc1 O-O 13. Nf3 b4 14. Ne2 Nxd5 15.
exd5 Nb8 16. Qd2 a5 17. c3 bxc3 18. Nxc3 f5 19. Bg5 f4 20. Bxe7 Qxe7 21. Rfe1
Na6 22. a3 Nc5 23. Qd1 Bg4 24. Ne4 Nb3 25. Qxb3 Qf7 26. Nxd6 Qh5 27. Nxc8 Rxc8
28. Rxe5 Qf7 29. Qd3 Bxf3 30. Qxf3 Rc2 31. Rae1 g5 32. Re8+ Kg7 33. Qe4 Rxb2 34.
Re7 Qxe7 35. Qxe7+ Kg6 36. d6 {Black resigns} 1-0

[Event "Team 45 45 League T43"]
[Site "Internet Chess Club"]
[Date "2009.11.12"]
[Round "3"]
[White "kingsrook"]
[Black "KingOfHearts"]
[Result "0-1"]
[WhiteElo "1276"]
[BlackElo "1256"]
[Opening "Queen's pawn game"]
[ECO "D04"]
[Time "18:00:21"]
[TimeControl "2700+45"]

1. d4 d5 2. Nf3 Nf6 3. e3 Nc6 4. Bd3 Bg4 5. c3 e5 6. dxe5 Nxe5 7. Be2 Nxf3+ 8.
Bxf3 Bxf3 9. Qxf3 Bd6 10. O-O O-O 11. Nd2 c6 12. e4 Qc7 13. h3 Rfe8 14. Re1 Re6
15. Qe3 b6 16. b4 Nxe4 17. Nxe4 Rxe4 18. Qd2 Bf4 19. Qd1 Qe5 20. Bxf4 Qxf4 21.
Qd3 Rae8 22. Kf1 Rxe1+ 23. Rxe1 Rxe1+ 24. Kxe1 Qc1+ 25. Qd1 Qxc3+ 26. Qd2 Qa1+
27. Ke2 Qe5+ 28. Qe3 Qxe3+ 29. fxe3 Kf8 30. Kd3 Ke7 31. e4 Kd6 32. Kd4 c5+ 33.
bxc5+ bxc5+ 34. Ke3 d4+ 35. Kd3 Ke5 36. g3 h5 37. a3 g5 38. h4 g4 39. a4 f5 40.
exf5 Kxf5 41. Kc4 Ke4 42. Kxc5 d3 {White resigns} 0-1

[Event "Team 45 45 League T43"]
[Site "Internet Chess Club"]
[Date "2009.11.17"]
[Round "3"]
[White "chips"]
[Black "CTR-1111"]
[Result "1-0"]
[WhiteElo "1181"]
[BlackElo "1146"]
[Opening "Polish (Sokolsky) opening"]
[ECO "A00"]
[Time "22:18:43"]
[TimeControl "2700+45"]

1. b4 e5 2. Bb2 Bxb4 3. Bxe5 Nc6 4. Bxg7 Qe7 5. Bxh8 Nf6 6. Bxf6 Qxf6 7. c3 Bc5
8. e3 d5 9. Nf3 Bg4 10. Be2 O-O-O 11. d4 Bb6 12. O-O Qg6 13. Qd3 Bf5 14. Qd2 Bh3
15. g3 Bxf1 16. Bxf1 Ba5 17. Qd3 Qf6 18. Bg2 Re8 19. Qxh7 Rh8 20. Qd3 Qh6 21. h4
Qf6 22. Bh3+ Kd8 23. Qf5 Qd6 24. Qc8+ Ke7 25. Qxh8 b5 26. Ne5 Nxe5 27. Qxe5+
Qxe5 28. dxe5 f6 29. exf6+ Kxf6 30. Kg2 b4 31. cxb4 Bxb4 32. a4 a5 33. Ra2 Bc5
34. Rc2 Bd6 35. Nc3 Ke5 36. Nb5 Ke4 37. Nxd6+ cxd6 38. h5 Ke5 39. h6 Kf6 40. Rc6
d4 41. exd4 Kg6 42. Rxd6+ Kh7 43. Bf5+ Kh8 44. Rd8# {Black checkmated} 1-0

[Event "Team 45 45 League T43"]
[Site "Internet Chess Club"]
[Date "2009.11.13"]
[Round "3"]
[White "bowwrestler"]
[Black "KidRattler"]
[Result "1-0"]
[WhiteElo "1072"]
[BlackElo "916"]
[Opening "Sicilian: Taimanov variation"]
[ECO "B45"]
[Time "11:00:26"]
[TimeControl "2700+45"]

1. e4 c5 2. Nf3 Nc6 3. d4 cxd4 4. Nxd4 e6 5. Nc3 g6 6. Be3 Nge7 7. Bc4 Bg7 8.
O-O O-O 9. Qd2 Qb6 10. Nb3 Qd8 11. Rad1 Re8 12. Rfe1 a6 13. a4 Ne5 14. Be2 N7c6
15. f4 Re7 16. fxe5 Bxe5 17. Nc5 Qc7 18. g3 Bg7 19. Bf3 b6 20. Nb3 Bb7 21. Rf1
Rae8 22. Bh6 Bh8 23. Qg5 Qd8 24. Ne2 Nb8 25. Ned4 Qc8 26. Rf2 Qd8 27. h4 d6 28.
Rh2 Nd7 29. h5 Bf6 30. Qg4 e5 31. Nf5 Re6 32. hxg6 fxg6 33. Rh5 a5 34. Nxd6 Qc7
35. Nxe8 Rxe8 36. Rxd7 Qxc2 37. Nd2 Qc1+ 38. Nf1 Bc6 39. Bxc1 Bxd7 40. Qxd7 Re7
41. Qd8+ Kg7 42. Bh6+ Kf7 43. Qf8+ Ke6 44. Bg4+ Kd6 45. Qxf6+ Kc7 46. Qxe7+ Kc6
47. Qd7+ Kc5 48. Rxe5+ Kb4 49. Qd4+ Kb3 50. Bd1+ Ka2 51. Qc4+ Kxb2 52. Bc1+ Ka1
53. Qc3+ Ka2 54. Qb2# {Black checkmated} 1-0

[Event "Team 45 45 League T43"]
[Site "Internet Chess Club"]
[Date "2009.11.14"]
[Round "3"]
[White "Dr-Checkmate"]
[Black "arconia"]
[Result "1-0"]
[WhiteElo "1550"]
[BlackElo "1317"]
[Opening "Queen's pawn game"]
[ECO "A45"]
[Time "09:00:33"]
[TimeControl "2700+45"]

1. d4 Nf6 2. Nc3 e6 3. e4 c6 4. Bg5 Be7 5. f3 O-O 6. Bd3 a5 7. Nge2 b5 8. a3 Bb7
9. Qd2 Na6 10. e5 Ne8 11. Ne4 f5 12. exf6 Nxf6 13. c3 Nxe4 14. Bxe7 Qxe7 15.
Bxe4 Nc7 16. Qc2 g6 17. h4 d5 18. Bd3 c5 19. dxc5 e5 20. Bxg6 e4 21. Bxh7+ Qxh7
22. Nd4 Qh6 23. Qd2 Qxd2+ 24. Kxd2 Rae8 25. b4 a4 26. Rae1 Ne6 27. Rh3 Nxd4 28.
cxd4 Kh7 29. Re3 Bc8 30. Rg3 Rf4 31. Rg5 Rxh4 32. Rxd5 Rh2 33. Re2 exf3 34. Rxe8
Rxg2+ 35. Ke1 Bh3 36. Rh5+ {Black forfeits on time} 1-0

[Event "Team 45 45 League T43"]
[Site "Internet Chess Club"]
[Date "2009.11.15"]
[Round "3"]
[White "carambola"]
[Black "rookmaster23"]
[Result "1-0"]
[WhiteElo "1195"]
[BlackElo "1350"]
[Opening "Sicilian defense"]
[ECO "B20"]
[Time "15:00:21"]
[TimeControl "2700+45"]

1. e4 c5 2. d3 Nc6 3. b3 d6 4. g3 Nf6 5. Nf3 e5 6. Bg2 Be7 7. O-O h6 8. Nbd2 Be6
9. Bb2 Qd7 10. a3 Bh3 11. Nh4 Bxg2 12. Kxg2 Nh7 13. Nf5 Rg8 14. Nc4 g6 15. Nxh6
Rg7 16. f4 b5 17. fxe5 dxe5 18. Nxe5 Nxe5 19. Bxe5 f6 20. Bc3 Qe6 21. b4 Ng5 22.
Ng4 Nh7 23. bxc5 Rc8 24. Qe2 Rxc5 25. Bb4 Rg5 26. Ne3 Rh5 27. h4 Bd8 28. Rae1 g5
29. Nf5 Rg6 30. Qxh5 {Black resigns} 1-0